 Dungeon Crawl Stone Soup version 0.17.1-2-g5865329 (webtiles) character file.

72 ololoev the Covered (level 4, -1/35 HPs)
             Began as a Demonspawn Fighter on Jan 25, 2016.
             Shot with an arrow by a centaur (5 damage)
             ... on level 3 of the Dungeon.
             The game lasted 00:02:48 (406 turns).

ololoev the Covered (Demonspawn Fighter)             Turns: 406, Time: 00:02:48

Health: -1/35      AC:  8    Str: 23    XL:     4   Next: 6%
Magic:  4/4        EV:  7    Int:  9    God:
Gold:   92         SH: 10    Dex: 17    Spells: 0 memorised, 3 levels left

rFire  . . .     SeeInvis .     a - +0 war axe
rCold  . . .     Clarity  .     b - +0 scale mail
rNeg   . . .     SustAt   .     c - +0 shield
rPois  .         Gourm    .     (no helmet)
rElec  .         Spirit   .     o - +0 cloak
rCorr  .         Warding  .     (no gloves)
rMut   .         Stasis   .     (no boots)
MR     +....                    (no amulet)
Stlth  ..........               l - +5 ring of dexterity
                                k - ring of protection from magic

@: mighty, very slightly contaminated, hasted, very quick, somewhat resistant to
hostile enchantments, extremely unstealthy
A: powered by pain 2
a: no special abilities


Innate Abilities, Weirdness & Mutations

You sometimes gain power by taking damage.

Inventory:

Hand Weapons
 a - a +0 war axe (weapon)
Armour
 b - a +0 scale mail (worn)
 c - a +0 shield (worn)
 o - a +0 cloak (worn)
Jewellery
 k - a ring of protection from magic (left hand)
 l - a +5 ring of dexterity (right hand)
Wands
 h - a wand of heal wounds (2)
Scrolls
 m - 2 scrolls of remove curse {unknown}
 n - a scroll of teleportation {unknown}
 p - a scroll of fear {unknown}
Potions
 d - a potion of might
 i - a potion of haste
Comestibles
 e - a bread ration


   Skills:
 - Level 3.0 Fighting
 * Level 3.3 Axes
 + Level 3.4 Armour
 - Level 2.6 Shields


You had 3 spell levels left.
You didn't know any spells.


You were on level 3 of the Dungeon.
You were not hungry.

You visited 1 branch of the dungeon, and saw 3 of its levels.

You collected 92 gold pieces.

#.....!.#
#.......####
#..........
###.......c#
#.........#
###.........#
.......)))..##..
#...@)...... #
##.(.).####.
.##.####..####..
#!......(......#
...........#####
.......<...#
........(..#
#............#
...........###

Notes
Turn   | Place    | Note
--------------------------------------------------------------
     0 | D:1      | ololoev the Demonspawn Fighter began the quest for the Orb.
     0 | D:1      | Reached XP level 1. HP: 18/18 MP: 1/1
   136 | D:2      | Gained mutation: You sometimes gain a little power by taking damage. [demonic ancestry]
   136 | D:2      | Reached XP level 2. HP: 18/24 MP: 2/2
   256 | D:2      | Reached XP level 3. HP: 15/29 MP: 3/3
   397 | D:3      | Gained mutation: You have a pair of small horns on your head. [potion of beneficial mutation]
   399 | D:3      | Gained mutation: You possess an exceptional clarity of mind. [potion of beneficial mutation]
   401 | D:3      | Lost mutation: You have a pair of small horns on your head. [potion of cure mutation]
   401 | D:3      | Lost mutation: You possess an exceptional clarity of mind. [potion of cure mutation]
   405 | D:3      | Noticed a centaur
   406 | D:3      | Gained mutation: You sometimes gain power by taking damage. [demonic ancestry]
   406 | D:3      | Reached XP level 4. HP: 4/35 MP: 4/4
   406 | D:3      | Shot with an arrow by a centaur

Dungeon Overview and Level Annotations

Branches:
Dungeon (3/15)

Altars:


Message History

The gnoll is heavily wounded.
You closely miss the gnoll. You barely miss the kobold. You hit the orc.
The orc is severely wounded.
You hit the kobold.
The kobold is moderately wounded.
You barely miss the gnoll. You block the orc's attack.
The gnoll hits you with a spear. The kobold hits you but does no damage.
The gnoll completely misses you. The kobold barely misses you.
Unknown command.
Unknown command.
You slash the gnoll!
You kill the gnoll!
Your Axes skill increases to level 3!
You slash the gnoll!
The gnoll is severely wounded.
You slash the kobold!
You kill the kobold!
You slash the orc!
You kill the orc!
You slash the kobold!
You kill the kobold!
You slash the gnoll!
The gnoll is severely wounded.
The gnoll barely misses you. You block the gnoll's attack.
A centaur comes into view.
Unknown command.
The centaur shouts!
You slash the gnoll!
You kill the gnoll!
You closely miss the gnoll.
The gnoll is severely wounded.
You block the gnoll's attack.
Unknown command.
You slash the gnoll!
You kill the gnoll!
You have reached level 4!
You feel stronger.
Your demonic ancestry asserts itself...
You feel even more energised by your suffering.
The centaur wields a shortbow.
The centaur shoots an arrow.
The arrow hits you.
You die...

You could see a centaur.

Vanquished Creatures
  3 gnolls (D:3)
  An adder (D:2)
  2 giant geckos
  An orc (D:3)
  A ball python (D:1)
  A bat (D:2)
  4 hobgoblins
  3 jackals (D:1)
  5 kobolds
  A giant newt (D:2)
  5 goblins
  2 quokkas
  3 rats
32 creatures vanquished.

Action                   |  1- 3 |  4- 6 || total
-------------------------+-------+-------++-------
Melee: War axe           |    62 |       ||    62
  Use: Potion            |     6 |       ||     6

Vault maps used:
D:1:      lemuel_arrival_tunnels, kennysheep_small_spiral
D:3:      old_standard_altar
